 Dungeon Crawl Stone Soup version 0.19.4 (webtiles) character file.

1313 Naow the Destroyer (level 8, -2/41 HPs)
             Began as a Deep Elf Conjurer on Feb 1, 2017.
             Slain by Edmund
             ... wielding a +1 flail of holy wrath
              (10 damage)
             ... on level 5 of the Dungeon.
             The game lasted 00:06:18 (5573 turns).

Naow the Destroyer (Deep Elf Conjurer)              Turns: 5573, Time: 00:06:18

Health: -2/41      AC:  3    Str:  5    XL:     8   Next: 32%
Magic:  0/22       EV: 13    Int: 23    God:
Gold:   254        SH:  0    Dex: 18    Spells: 4 memorised, 11 levels left

rFire  . . .     SeeInvis .     y - +6 spear of Resourcefulness {pierce, rElec MR+ Dex+3}
rCold  . . .     Gourm    +     a - +0 robe
rNeg   . . .     Faith    .     (no shield)
rPois  .         Spirit   .     (no helmet)
rElec  +         Reflect  .     (no cloak)
rCorr  .         Harm     .     (no gloves)
MR     +....                    E - +0 pair of boots
Stlth  +.........               h - amulet of the gourmand
                                m - ring of loudness (curse)
                                (no ring)

@: lethally poisoned (-2 -> -26), very slightly contaminated
A: no striking features
a: no special abilities


You were on level 5 of the Dungeon.
You were not hungry.

You visited 1 branch of the dungeon, and saw 5 of its levels.

You collected 254 gold pieces.

Inventory:

Hand Weapons
 p - a +2 dagger of holy wrath
 y - the +6 spear of Resourcefulness (weapon) {pierce, rElec MR+ Dex+3}
   (You found it on level 4 of the Dungeon)

   It inflicts extra damage upon your enemies.
   It affects your dexterity (+3).
   It insulates you from electricity.
   It affects your resistance to hostile enchantments.
Armour
 a - a +0 robe (worn)
 E - a +0 pair of boots (worn)
Jewellery
 h - an amulet of the gourmand (around neck)
 i - an uncursed ring of fire
 m - a cursed ring of loudness (right hand)
 o - a +3 amulet of reflection {unknown}
Scrolls
 d - 6 scrolls of identify {unknown}
 e - a scroll of fear {unknown}
 f - 2 scrolls of amnesia {unknown}
 g - 3 scrolls of magic mapping {unknown}
 l - a scroll of enchant armour {unknown}
 n - 3 scrolls of random uselessness {unknown}
 q - a scroll of blinking {unknown}
 u - 3 scrolls of teleportation {unknown}
 v - 4 scrolls of remove curse {unknown}
 w - 3 scrolls of recharging {unknown}
 C - a scroll of immolation {unknown}
 D - a scroll of fog {unknown}
Potions
 r - 2 potions of magic {unknown}
 s - a potion of agility {unknown}
 t - a potion of invisibility {unknown}
 z - a potion of brilliance {unknown}
 A - a potion of cancellation {unknown}
 B - a potion of degeneration {unknown}
Books
 b - a book of Conjurations

   Spells                             Type                      Level
   a - Magic Dart                     Conjuration                  1
   b - Searing Ray                    Conjuration                  2
   c - Dazzling Spray                 Conjuration/Hexes            3
   d - Fulminant Prism                Conjuration/Hexes            4
   e - Iskenderun's Mystic Blast      Conjuration                  4
   f - Iskenderun's Battlesphere      Conjuration/Charms           5
Comestibles
 c - 4 bread rations
 j - a royal jelly
 k - 5 meat rations
 x - 5 fruits


   Skills:
 - Level 2.4 Dodging
 - Level 2.4 Stealth
 + Level 8.2 Spellcasting
 + Level 8.3 Conjurations
 + Level 7.3 Charms


You had 11 spell levels left.
You knew the following spells:

 Your Spells              Type           Power        Failure   Level  Hunger
a - Magic Dart            Conj           ####         1%          1    None
b - Searing Ray           Conj           #####.       1%          2    None
c - Iskenderun's Battles  Conj/Chrm      #####...     10%         5    #####..
d - Iskenderun's Mystic   Conj           #####...     2%          4    ###....


Dungeon Overview and Level Annotations

Branches:
Dungeon (5/15)
 Temple: D:4-7

Altars:

Annotations:
D:5 1 runed door, Edmund


Message History

Aiming: Iskenderun's Mystic Blast
Press: ? - help, Shift-Dir - straight line, f/p - Edmund
Aim: Edmund, wielding a flail of holy wrath and wearing a chain mail (almost dead)
You miscast Iskenderun's Mystic Blast.
You are very lightly contaminated with residual magic.
You smell something strange.
* * * LOW HITPOINT WARNING * * *
You feel sick. Edmund misses you.
Casting: Iskenderun's Mystic Blast
Confirm with . or Enter, or press ? or * to list all spells.
Aiming: Iskenderun's Mystic Blast
Press: ? - help, Shift-Dir - straight line, f/p - Edmund
Aim: Edmund, wielding a flail of holy wrath and wearing a chain mail (almost dead)
The orb of energy hits Edmund.
Edmund is almost dead.
The orb of energy explodes!
* * * LOW HITPOINT WARNING * * *
You feel very sick.
Edmund hits you with a flail of holy wrath!
You die...

## #.# .. .. #. ... ... #
...... #.##.# #.# .#
......##.##.######.##.# ).
.................#.####'
#####......... ...........
....<[.#.##.######.........
................@@..†....%.
..............#############
..(....#.##.###
.........##.###
.........##.#.#
.........##.#.#
.........##.#.# ♣
.........##.#.########### ♣
#.......###.#.....#.#(..# ♣


You could see Edmund.

Vanquished Creatures
  The ghost of Kiturien the Digger, a novice GrEE (D:5)
  Prince Ribbit (D:5)
  A water moccasin (D:5)
  A sky beast (D:5)
  2 ogres
  2 scorpions
  A crimson imp (D:5)
  A bullfrog zombie (D:5)
  2 hounds (D:5)
  A bullfrog skeleton (D:4)
  An orc priest (D:3)
  Natasha (thrice) (D:4)
  A worker ant (D:4)
  A hound skeleton (D:4)
  A howler monkey skeleton (D:4)
  4 adders
  2 oozes
  A worm (D:2)
  A dart slug (D:2)
  2 leopard geckos (D:1)
  6 orcs
  2 ball pythons (D:1)
  9 giant cockroaches
  6 goblins
  6 hobgoblins
  3 jackals (D:3)
  3 quokkas
  10 bats
  8 frilled lizards
  6 kobolds
  9 rats
98 creatures vanquished.

Notes
Turn   | Place    | Note
-------+----------+-------------------------------------------
     0 | D:1      | Naow the Deep Elf Conjurer began the quest for the Orb.
     0 | D:1      | Reached XP level 1. HP: 10/10 MP: 6/6
   234 | D:1      | Reached XP level 2. HP: 15/15 MP: 6/8
   293 | D:1      | Reached skill level 5 in Conjurations
   575 | D:1      | Reached XP level 3. HP: 19/19 MP: 7/10
  1576 | D:2      | Reached XP level 4. HP: 24/24 MP: 10/12
  2488 | D:3      | Reached XP level 5. HP: 28/28 MP: 9/14
  2494 | D:3      | Learned a level 2 spell: Searing Ray
  2500 | D:3      | Learned a level 5 spell: Iskenderun's Battlesphere
  2505 | D:3      | Learned a level 4 spell: Iskenderun's Mystic Blast
  2917 | D:4      | Reached skill level 5 in Spellcasting
  2917 | D:4      | Reached skill level 1 in Charms
  3077 | D:4      | Noticed an ogre
  3083 | D:4      | Killed an ogre
  3192 | D:4      | Reached XP level 6. HP: 32/32 MP: 9/16
  3286 | D:4      | Noticed Natasha
  3291 | D:4      | Killed Natasha
  3406 | D:4      | Noticed Natasha
  3409 | D:4      | Killed Natasha
  3592 | D:4      | Got an iridescent spear
  3593 | D:4      | Identified the +6 spear of Resourcefulness {pierce, rElec MR+ Dex+3} (You found it on level 4 of the Dungeon)
  3660 | D:4      | Noticed Natasha
  3667 | D:4      | Killed Natasha
  3927 | D:5      | Entered Level 5 of the Dungeon
  3927 | D:5      | Noticed a sky beast
  3939 | D:5      | Killed a sky beast
  3939 | D:5      | Reached XP level 7. HP: 5/36 MP: 0/18
  4584 | D:5      | Noticed Kiturien's ghost (novice GrEE)
  4586 | D:5      | Reached skill level 5 in Charms
  4592 | D:5      | Killed Kiturien's ghost
  4630 | D:5      | Reached XP level 8. HP: 41/41 MP: 2/21
  4812 | D:5      | Noticed Prince Ribbit
  4823 | D:5      | Killed Prince Ribbit
  5479 | D:5      | Found a runed door.
  5555 | D:5      | Noticed Edmund
  5573 | D:5      | Slain by Edmund

Skill      XL: |  1  2  3  4  5  6  7  8 |
---------------+-------------------------+-----
Conjurations   | 5 6 7 8 |  8.3
Spellcasting   | 4 5 6 7 8 |  8.2
Charms         | 2 4 6 7 |  7.3
Dodging        | |  2.4
Stealth        | |  2.4

Action                   |  1- 3 |  4- 6 |  7- 9 || total
-------------------------+-------+-------+-------++-------
Melee: Unarmed           |     1 |       |       ||     1
       Spear             |       |     3 |     1 ||     4
 Cast: Magic Dart        |    81 |    88 |    41 ||   210
       Searing Ray       |       |     6 |     9 ||    15
       Iskenderun's Myst |       |     1 |     3 ||     4
       Iskenderun's Batt |       |       |     1 ||     1
  Eat: Chunk             |     1 |     8 |     2 ||    11
       Pizza             |       |       |     1 ||     1
       Beef jerky        |       |       |     1 ||     1
Armor: Robe              |     2 |     2 |     4 ||     8
Dodge: Dodged            |     7 |    21 |    18 ||    46
